 Dungeon Crawl Stone Soup version 0.30-a0-760-g5a9884bb7c (webtiles) character file.

Game seed: 13478824796871682509

9944 kingofthe the Nimble (level 11, -2/58 (65) HPs)
             Began as an Octopode Conjurer on Feb 12, 2023.
             Was a Priest of Sif Muna.
             Slain by a spectral orc warlord
             ... wielding a +0 battleaxe
             ... summoned by Nergalle
              (18 damage)
             ... on level 1 of the Lair of Beasts.
             The game lasted 01:01:36 (16668 turns).

kingofthe the Nimble (Octopode Conjurer)           Turns: 16668, Time: 01:01:37

HP:   -2/58 (65)    AC:  1    Str:  6    XL:     11   Next: 54%
MP:   7/21          EV: 22    Int: 25    God:    Sif Muna [***...]
Gold: 666           SH:  0    Dex: 26    Spells: 3/24 levels left

rFire   + . .      SeeInvis .    b - +2 hand axe "Otadep" {flame, Int+3}
rCold   x . .      Faith    .    (no shield)
rNeg    . . .      Spirit   .    (helmet restricted)
rPois   .          Reflect  .    (no amulet)
rElec   .          Harm     .    H - ring of wizardry
rCorr   +          Rampage  .    B - ring of wizardry
Will    .....                    w - ring of wizardry
Stlth   +++++                    x - ring of flight
HPRegen 0.29/turn                I - ring of fire
MPRegen 0.17/turn                E - ring of resist corrosion
                                 C - +6 ring of dexterity
                                 G - +6 ring of dexterity

@: flying, heavily drained
A: almost no armour, amphibious, 8 rings, camouflage 1, gelatinous body 1,
(nimble swimmer 1), tentacles
a: Renounce Religion, Channel Magic, Forget Spell


You were on level 1 of the Lair of Beasts.
You worshipped Sif Muna.
Sif Muna was most pleased with you.
You visited 3 branches of the dungeon, and saw 12 of its levels.

You collected 666 gold pieces.

Inventory:

Hand Weapons
 a - the +1 whip of Yhorao {pain, rF+ Will+}
   (You found it on level 4 of the Dungeon)

   rF:        It protects you from fire.
   Will:      It increases your willpower.
 b - the +2 hand axe "Otadep" (weapon) {flame, Int+3}
   (You found it on level 2 of the Lair of Beasts)

   Int:       It affects your intelligence (+3).
Jewellery
 w - a ring of wizardry (on tentacle)
 x - a ring of flight (on tentacle)
 B - a ring of wizardry (right tentacle)
 C - a +6 ring of dexterity (on tentacle)
 E - a ring of resist corrosion (on tentacle)
 G - a +6 ring of dexterity (on tentacle)
 H - a ring of wizardry (left tentacle)
 I - a ring of fire (on tentacle)
Wands
 A - a wand of mindburst (22)
 F - a wand of polymorph (13)
Scrolls
 c - 8 scrolls of amnesia
 n - 4 scrolls of fog
 o - a scroll of vulnerability
 u - 6 scrolls of teleportation
Potions
 e - 7 potions of curing
 g - 4 potions of haste
 s - 3 potions of heal wounds
 y - 2 potions of magic


   Skills:
 + Level 2.4 Fighting
 + Level 9.4 Dodging
 - Level 6.0 Stealth
 - Level 7.0 Spellcasting
 - Level 8.0 Conjurations
 + Level 4.4 Hexes
 * Level 2.3 Summonings
 + Level 6.8 Fire Magic
 + Level 3.5 Air Magic
 - Level 5.0 Invocations


You had 3 spell levels left.
You knew the following spells:

 Your Spells              Type           Power      Damage    Failure   Level
a - Magic Dart            Conj           100%       1d8       1%          1
b - Searing Ray           Conj           96%        2d7       1%          2
c - Scorch                Fire           100%       2d10      1%          2
d - Flame Wave            Conj/Fire      62%        2d14      1%          4
e - Sticky Flame          Conj/Fire      62%        2d8       1%          4
f - Fulminant Prism       Conj/Hex       19%        3d11      1%          4
g - Summon Lightning Spi  Summ/Air       23%        N/A       4%          4

Your spell library contained the following spells:

 Spells                   Type           Power      Damage    Failure   Level
 Kiss of Death            Conj/Necr      100%       2d13      1%          1
 Necrotise                Necr           32%        1d5       1%          1
 Confusing Touch          Hex            31%        N/A       1%          3
 Dazzling Flash           Conj/Hex       78%        N/A       1%          3
 Inner Flame              Hex/Fire       54%        N/A       1%          3
 Vampiric Draining        Necr           8%         2d6       4%          3
 Iskenderun's Mystic Bla  Conj/Tloc      28%        2d7       2%          4
 Summon Mana Viper        Hex/Summ       25%        N/A       9%          5
 Dispel Undead            Necr           8%         3d8       13%         4
 Summon Forest            Summ/Tloc      7%         N/A       22%         5
 Agony                    Necr           8%         N/A       32%         5
 Summon Cactus Giant      Summ           10%        N/A       54%         6
 Storm Form               Tmut/Air       8%         N/A       98%         7
 Maxwell's Capacitive Co  Air            13%        ∞         100%        8


Dungeon Overview and Level Annotations

Branches:
Dungeon (9/15)             Temple (1/1) D:5            Lair (2/5) D:8
  Swamp: Lair:2-3    Shoals: Lair:2-3     Snake: Lair:2-3    Spider: Lair:2-3
    Orc: D:9-12

Altars:
Ashenzari
Cheibriados
Dithmenos
Elyvilon
Fedhas
Gozag
Hepliaklqana
Kikubaaqudgha
Makhleb
Nemelex Xobeh
Okawaru
Qazlal
Ru
Sif Muna
Trog
Uskayaw
Vehumet
Wu Jian
Xom
Yredelemnul
Zin
The Shining One

Annotations:
D:9 2 transporters, elongatedgoose's ghost, journeyman TrFi
Lair:1 Nergalle


Innate Abilities, Weirdness & Mutations

You cannot wear most types of armour.
You are amphibious.
You can wear up to eight rings at the same time.
Your skin changes colour to match your surroundings (Stealth+).
Your rubbery body absorbs attacks. (AC +1, EV +1)
((You are camouflaged when in or above water. (Stealth+)))
You have tentacles for arms and can constrict up to eight enemies at once.


Message History

The spectral orc warlord hits you with a +0 battleaxe!!
You feel drained.
The spectral orc warlord hits your lightning spire but does no damage.
The spectral orc warrior barely misses you.
Really fire at your lightning spire? [Y]es or [N]o only, please.
Really fire at your lightning spire?
A wave of flame ripples out!
The flame wave engulfs the spectral orc knight.
The spectral orc knight is moderately damaged.
The flame wave engulfs the spectral orc warrior!
The spectral orc warrior is severely damaged.
The flame wave engulfs Nergalle!
Nergalle is burned terribly!
Nergalle is moderately wounded.
The flame wave engulfs the spectral orc warrior!
The spectral orc warrior is moderately damaged.
The flame wave engulfs the spectral orc warlord!
The spectral orc warlord is moderately damaged.
The flame wave engulfs the spectral orc knight!
The spectral orc knight is moderately damaged.
The flame wave engulfs the spectral orc warrior!!
The spectral orc warrior is almost destroyed.
The flame wave engulfs your lightning spire.
Your lightning spire resists.
Your lightning spire is lightly damaged.
Your lightning spire disappears in a puff of smoke!
Nergalle points at the spectral orc knight and mumbles some strange words.
The spectral orc knight seems to speed up.
The spectral orc warlord completely misses you.
The spectral orc warrior barely misses you.
The spectral orc warrior completely misses you.
The spectral orc knight hits you with a +0 great sword!!
You feel drained.
* * * LOW HITPOINT WARNING * * *
The spectral orc warrior barely misses you.
Nergalle completely misses you.
The spectral orc knight closely misses you.
The spectral orc warrior barely misses you. x2
The spectral orc warlord hits you with a +0 battleaxe!!
You die...

.............................#
.......................o....
..........................
.....#..####........###.####
###..#......#.........o....#
.##...†............'.......#
................Z..#..........#
.##............Zo..........#.##
............÷..Z@..#.......# .#
..#.........#...ZZ.........# #
.##.........#..Z...#.......+
###..####..##......###..###P.
#.... .....(........ .... ..
...........................
...........................
.......................


You could see Nergalle (combustible), 3 spectral orc warriors, 2 spectral orc
knights and a spectral orc warlord (summoned).

Vanquished Creatures
  A two-headed ogre (D:9)
  A polar bear (D:8)
  A troll (D:6)
  A blink frog (Lair:1)
  15 yaks
  5 wyverns
  2 steam dragons
  An acid dragon (D:8)
  4 water moccasins
  3 orc warriors
  2 ice beasts
  4 black bears
  2 sky beasts
  An ogre (D:4)
  2 centaurs
  2 phantoms
  4 bullfrogs
  A scorpion (D:5)
  A wyvern skeleton (D:5)
  13 wights
  5 killer bees (D:9)
  A howler monkey (D:6)
  2 centaur zombies (D:5)
  5 hounds
  2 jellies
  2 bullfrog skeletons (D:5)
  A gnoll bouda (D:7)
  12 orc priests
  Jessica (D:2)
  3 iguanas
  Natasha (thrice) (D:2)
  13 orc wizards
  A killer bee zombie (D:5)
  2 howler monkey zombies (D:5)
  Robin (D:2)
  11 gnolls
  5 adders
  A shadow imp (D:4)
  3 white imps
  3 ufetubi
  2 adder skeletons (D:5)
  3 worms
  40 orcs
  2 ball pythons (D:1)
  8 endoplasms
  3 giant cockroaches
  10 hobgoblins
  3 jackals
  A quokka (D:4)
  4 bats
  3 frilled lizards (D:2)
  16 goblins
  13 kobolds
  5 rats
256 creatures vanquished.

Vanquished Creatures (collateral kills)
  A cane toad (Lair:2)
  A wyvern (Lair:2)
  2 yaks
4 creatures vanquished.

Vanquished Creatures (others)
  4 bushes (D:8)
  2 fulminant prisms
  15 fungi
  29 plants
  A withered plant (D:5)
51 creatures vanquished.

Grand Total: 311 creatures vanquished

Notes
Turn   | Place    | Note
-------+----------+-------------------------------------------
     0 | D:1      | kingofthe the Octopode Conjurer began the quest for the
                  | Orb.
     0 | D:1      | Reached XP level 1. HP: 11/11 MP: 3/3
   242 | D:1      | Reached XP level 2. HP: 17/17 MP: 3/5
   299 | D:1      | Learned a level 2 spell: Searing Ray
   331 | D:1      | You fall into a shaft and drop 1 floor!
  1341 | D:2      | Noticed Robin
  1346 | D:1      | Reached XP level 3. HP: 17/21 MP: 2/6
  1518 | D:2      | Killed Robin
  1625 | D:2      | Learned a level 2 spell: Scorch
  1655 | D:2      | Reached XP level 4. HP: 20/27 MP: 3/8
  1936 | D:2      | Noticed Natasha
  1939 | D:2      | Killed Natasha
  1957 | D:2      | Noticed Natasha
  1971 | D:2      | Killed Natasha
  1972 | D:2      | Reached skill level 3 in Dodging
  1972 | D:2      | Reached skill level 1 in Fire Magic
  1972 | D:2      | Reached XP level 5. HP: 31/31 MP: 1/9
  2012 | D:2      | Noticed Natasha
  2017 | D:2      | Killed Natasha
  2361 | D:2      | Noticed Jessica
  2366 | D:2      | Killed Jessica
  2954 | D:3      | Found a faded altar of an unknown god.
  3468 | D:4      | Identified the +1 whip of Yhorao {pain, rF+ Will+}
  3626 | D:4      | Identified the +3 scale mail of Marbles {Harm}
  3693 | D:4      | Reached XP level 6. HP: 36/36 MP: 6/10
  4006 | D:4      | Reached skill level 5 in Conjurations
  4349 | D:4      | Noticed a steam dragon
  4409 | D:4      | Killed a steam dragon
  4410 | D:4      | Reached skill level 4 in Dodging
  4410 | D:4      | Reached XP level 7. HP: 28/41 MP: 2/12
  4964 | D:5      | Entered Level 5 of the Dungeon
  4981 | D:5      | Learned a level 4 spell: Flame Wave
  5737 | D:5      | Reached skill level 5 in Stealth
  5737 | D:5      | Reached XP level 8. HP: 42/46 MP: 7/14
  6029 | D:5      | Found a staircase to the Ecumenical Temple.
  6038 | Temple   | Entered the Ecumenical Temple
  6119 | Temple   | Became a worshipper of Sif Muna the Loreminder
  6457 | D:5      | Reached skill level 5 in Dodging
  6600 | D:5      | Learned a level 4 spell: Sticky Flame
  7146 | D:6      | Reached skill level 5 in Spellcasting
  7243 | D:6      | Reached * piety under Sif Muna
  7639 | D:6      | Reached XP level 9. HP: 51/51 MP: 8/17
  7812 | D:6      | Reached skill level 6 in Dodging
  7850 | D:6      | Reached skill level 1 in Fighting
  7911 | D:6      | Noticed a troll
  8497 | D:6      | Killed a troll
  8983 | D:7      | Reached skill level 5 in Fire Magic
  9302 | D:7      | Learned a level 4 spell: Fulminant Prism
  9750 | D:7      | Reached skill level 1 in Invocations
  9929 | D:7      | Reached ** piety under Sif Muna
 10211 | D:7      | Reached skill level 1 in Hexes
 10802 | D:8      | Reached skill level 7 in Dodging
 11096 | D:8      | Reached XP level 10. HP: 54/61 MP: 3/19
 12155 | D:8      | Found a staircase to the Lair.
 12291 | D:8      | Reached skill level 8 in Dodging
 12734 | D:9      | Noticed a two-headed ogre
 12901 | D:9      | Reached *** piety under Sif Muna
 13123 | D:8      | Reached skill level 5 in Invocations
 13422 | D:9      | Learned a level 4 spell: Summon Lightning Spire
 13698 | D:9      | Found an ornate altar of the Wu Jian Council.
 13711 | D:9      | Found a stormy altar of Qazlal.
 13741 | D:9      | Found a transporter.
 13906 | D:9      | Reached skill level 1 in Air Magic
 14050 | D:9      | Reached XP level 11. HP: 50/65 MP: 3/21
 14555 | D:9      | Noticed a tengu warrior
 14557 | D:9      | Noticed a green ugly thing
 14558 | D:9      | Noticed elongatedgoose's ghost (journeyman TrFi)
 14571 | D:9      | Found a transporter.
 14603 | D:9      | Killed a two-headed ogre
 14604 | D:9      | Reached skill level 9 in Dodging
 15565 | Lair:1   | Entered Level 1 of the Lair of Beasts
 15565 | Lair:1   | You are sucked into a shaft and drop 1 floor!
 15568 | Lair:2   | Identified the +2 hand axe "Otadep" {flame, Int+3}
 15690 | Lair:2   | Reached skill level 1 in Summonings
 16526 | Lair:1   | Noticed Nergalle
 16665 | Lair:1   | Noticed a spectral orc warlord
 16668 | Lair:1   | Slain by a spectral orc warlord

Illustrated notes

Levels and vault maps discovered:
D:1:      evilmike_arrival_plus, layout_loops_corners
D:2:      layout_loops_cross, serial_glass, glass_columns_a, glass_columns_c,
          minmay_tromino_i4, uniq_natasha, uniq_jessica, uniq_robin
D:3:      layout_loops_ring, shapermc_ecumenical_altar_starsandcircs
D:4:      minmay_chambers_of_fours, layout_cave_pods
D:5:      layout_rooms, minmay_temple_entry_junction_2, serial_undead,
          serial_undead_b, serial_undead_d, serial_undead_b, serial_undead_d
D:6:      layout_rooms, serial_bayou_pond_a, minmay_fractal_squares_5
D:7:      layout_layer_cave, dreamdust_gnoll_farm
D:8:      layout_rooms, minmay_lair_entry_grove, david_defended_altar_orc
D:9:      layout_grid_maze, minitemple, enter_bailey_2, nzn_ghost_randoct
Temple:   nicolae_temple_slightly_damp_pantheon
Lair:1:   layout_regular_city, st_stairs_10, chequers_serial_rivers_micro_d,
          uniq_grum, uniq_gastronok, uniq_nergalle
Lair:2:   layout_long_grid, guppyfry_snake_entry_garden,
          infiniplex_staircase_pool_2

Skill      XL: |  1  2  3  4  5  6  7  8  9 10 11 |
---------------+----------------------------------+-----
Stealth        | 3 4 5 6 |  6.0
Dodging        | 3 4 5 7 8 9 |  9.4
Fire Magic     | 1 2 3 4 5 6 |  6.8
Spellcasting   | 3 4 5 6 7 |  7.0
Conjurations   | 5 6 7 8 |  8.0
Fighting       | 2 |  2.4
Invocations    | 2 5 |  5.0
Hexes          | 1 3 4 |  4.4
Air Magic      | 1 3 |  3.5
Summonings     | 2 |  2.3

Action                     |  1- 3 |  4- 6 |  7- 9 | 10-12 || total
---------------------------+-------+-------+-------+-------++-------
  Melee: Unarmed           |     6 |       |       |       ||     6
         Tentacles         |     4 |     1 |     2 |     3 ||    10
         Constrict         |     7 |     1 |     2 |     4 ||    14
         Dagger            |    18 |     6 |       |       ||    24
         Whip              |       |     2 |    12 |    17 ||    31
         Hand axe          |       |       |       |     1 ||     1
   Cast: Magic Dart        |    53 |    89 |   177 |    93 ||   412
         Searing Ray       |     3 |    19 |    53 |    15 ||    90
         Scorch            |       |     2 |     8 |    43 ||    53
         Flame Wave        |       |       |     5 |     7 ||    12
         Sticky Flame      |       |       |    14 |    39 ||    53
         Summon Lightning  |       |       |       |    12 ||    12
         Fulminant Prism   |       |       |       |     2 ||     2
    Use: Scroll            |       |       |       |    14 ||    14
         Potion            |       |       |       |     5 ||     5
   Stab: Distracted        |       |       |       |     2 ||     2
 Armour: Skin              |       |     1 |     1 |     2 ||     4
  Dodge: Dodged            |    20 |    11 |    88 |   136 ||   255

Table legend: (Time is in decaauts)
 A = Elapsed time spent in this place.
 B = Non-inter-level travel time spent in this place.
 C = Inter-level travel time spent in this place.
 D = Time resting spent in this place.
 E = Time spent auto-exploring this place.
 F = Levels seen in this place.
 G = Mean time per level.
                   A        B        C        D        E       F      G
               +--------+--------+--------+--------+--------+-----+--------+
         Total |  16682 |  16057 |    625 |   4358 |   9481 |  12 | 1390.2 |
       Dungeon |  15823 |  15231 |    592 |   4196 |   9036 |   9 | 1758.1 |
        Temple |    190 |    172 |     18 |      0 |    144 |   1 |  190.0 |
          Lair |    668 |    653 |     15 |    162 |    301 |   2 |  334.0 |
               +--------+--------+--------+--------+--------+-----+--------+

Top non-repeatable levels by time:
     D:7: 2735 daAuts
     D:8: 2570 daAuts
     D:4: 1958 daAuts
     D:9: 1939 daAuts
     D:6: 1631 daAuts
     D:5: 1618 daAuts
     D:1: 1364 daAuts
     D:2: 1213 daAuts
     D:3: 792 daAuts
  Lair:2: 397 daAuts
  Lair:1: 270 daAuts
  Temple: 190 daAuts
